ProzacElf, chaotic male orcish Rogue $ ` --------------- |.............| ------------- $$ * +..............#######(###d|d...........| $$ $ |.............| f@............| #-.............. d|d...........| #------+-------- Z............ #### ...........| # .----------- * # * # * # # $ $ # $ # | ---|-----------## ........| |.`...........|## [ [[[[[[[[[[[[ |..<..........)## )$[ [[[[[[[[) --------------- ProzacElf the Cutpurse Experience level: 5 Strength: 15 Dexterity: 18 Constitution: 16 Intelligence: 9 Wisdom: 9 Charisma: 9 Health: 0(33) Energy: 15(15) Def: 6 Gold: 602 Moves: 2953 Dungeon seed: cMhmOjMZZRH7C1Cy Game ID: ProzacElf_1448585901 Your Inventory: Coins $ - 602 gold pieces Weapons a - a +0 orcish short sword (alternate weapon; not wielded) b - a +0 orcish dagger named Stabby (weapon in hand) h - 6 +0 orcish daggers (in quiver) q - a +0 long sword x - a +0 dagger A - a +0 orcish dagger Armor e - a blessed +1 leather armor (being worn) n - a blessed +1 orcish helm (being worn) y - an uncursed +0 pair of jumping boots (being worn) Comestibles g - 2 uncursed food rations j - an uncursed pancake l - an uncursed egg s - an uncursed sprig of wolfsbane u - an uncursed tripe ration C - an uncursed lichen corpse I - a cursed food ration J - an uncursed fortune cookie K - a cursed lichen corpse L - an uncursed tin of green mold Scrolls m - an uncursed scroll of charging o - an uncursed scroll of identify D - a cursed scroll of destroy armor G - a cursed scroll of teleportation Potions c - an uncursed potion of sickness H - a cursed potion of confusion Wands k - a wand of teleportation (0:5) v - a wand of lightning (0:6) F - a cursed wand of locking (0:7) Tools d - an uncursed lock pick f - an uncursed sack Gems r - an uncursed worthless piece of violet glass Contents of the sack: 143 gold pieces Spells and supernatural/magical abilities: Name Level Category Fail Memory W - pray for help -- divine ? -- Y - supernatural jump -- ability ? -- Your skills at the end: Fighting Skills Weapon Skills dagger [Basic] short sword [Basic] Spellcasting Skills Final Attributes: You were piously aligned. You were poison resistant. You were telepathic. You had infravision. You were stealthy. You could jump. You were lucky. You are dead. Vanquished creatures: a ghost a little dog 2 floating eyes a giant bat a dwarf zombie an iguana 3 acid blobs a hobbit 2 large kobolds 4 giant rats 3 cave spiders a brown mold 3 yellow molds a red mold 2 gnomes 4 garter snakes 2 gnome zombies 2 geckos 7 jackals a fox a kobold 2 goblins 5 grid bugs 2 bats 6 lichens 8 newts 67 creatures vanquished. Voluntary challenges: You used a wielded weapon 90 times, starting on turn 18. You were illiterate. You never genocided any monsters. You never polymorphed an object. You never changed form. You used no wishes. You never split a pudding. You never wrote Elbereth's name. You violated your moral code, losing 10 points of alignment, starting on turn 2445. Dungeon overview: The Dungeons of Doom: levels 1 to 4 Level 1 a fountain a long staircase Level 2 a general store, an altar to Kos, many fountains a long staircase Level 3 a fountain, a sink Level 4 <- You were here History has recorded: On T:1 you entered the Dungeons of Doom to retrieve the Amulet of Yendor! On T:190 you advanced to experience level 2. On T:548 you reached level 2 of The Dungeons of Doom. On T:1112 you advanced to experience level 3. On T:1527 you reached level 3 of The Dungeons of Doom. On T:1983 you advanced to experience level 4. On T:2680 you reached level 4 of The Dungeons of Doom. On T:2932 you advanced to experience level 5. Score breakdown: Gold: 745 ( 9772 points) Experience: 5 levels (11141 points) Exploration: 4 levels ( 8.70%) ( 7745 points) Discoveries: 2 items ( 0.70%) ( 2504 points) Valuables value: (no points given unless you survive) Artifact value: 0 ( 0 points) Variety of kills: 26 monsters ( 6.82%) ( 7836 points) Turncount: 2953 turns ( -576 points) Survival: died (score multiplied by 80%) Total score: 30737 Latest messages: You detect the presence of objects. The jackal bites! (2x) You die... Final status: Goodbye ProzacElf the Rogue, killed by a jackal... You died in The Dungeons of Doom on dungeon level 4 with 30737 points, and 745 pieces of gold, after 2953 moves. You were level 5 with a maximum of 33 hit points when you died.